 Dungeon Crawl Stone Soup version 0.17-a0-1479-g4041c36 (webtiles) character file.

93 Gobser the Skirmisher (level 4, 0/38 HPs)
             Began as a Human Wanderer on July 3, 2015.
             Slain by a hound (1 damage)
             ... on level 2 of the Dungeon.
             The game lasted 00:08:48 (1678 turns).

Gobser the Skirmisher (Human Wanderer)              Turns: 1678, Time: 00:08:48

Health: 0/38       AC: 11    Str: 12      XL:     4   Next: 91%
Magic:  0/4        EV:  3    Int: 13 (15) God:
Gold:   26         SH:  0    Dex:  7      Spells: 0 memorised, 3 levels left

rFire  . . .     SeeInvis .     l - +0 war axe (elec)
rCold  . . .     Clarity  .     k - +0 plate armour
rNeg   . . .     SustAt   .     (no shield)
rPois  .         Gourm    .     (no helmet)
rElec  .         Spirit   +     (no cloak)
rCorr  .         Warding  .     (no gloves)
rMut   .         Stasis   .     (no boots)
MR     +....                    i - amulet of guardian spirit
Stlth  ..........               (no ring)
                                j - ring of protection from magic

@: somewhat resistant to hostile enchantments, extremely unstealthy
A: clumsy 1, weak 1
a: no special abilities


You were on level 2 of the Dungeon.
You were not hungry.

You visited 1 branch of the dungeon, and saw 2 of its levels.

You collected 26 gold pieces.

Inventory:

Hand weapons
 b - a +2 blowgun
 c - a +0 mace
 d - a +0 spear
 g - a +0 hunting sling
 h - a -3 dagger
 l - a +0 war axe of electrocution (weapon)
Armour
 e - a +0 robe
 k - a +0 plate armour (worn)
Jewellery
 i - an amulet of guardian spirit (around neck)
 j - a ring of protection from magic (left hand)
Scrolls
 m - a scroll of remove curse
Comestibles
 f - a bread ration


   Skills:
 * Level 4.4 Fighting
 - Level 0.2 Short Blades
 * Level 0.4(0.9) Axes
 - Level 1.2 Polearms
 + Level 1.7 Throwing
 * Level 2.2 Armour
 * Level 2.0 Dodging
 * Level 1.9 Stealth
   Level 1.0 Evocations


You had 3 spell levels left.
You didn't know any spells.

Dungeon Overview and Level Annotations

Branches:
Dungeon (2/15)

Altars:


Innate Abilities, Weirdness & Mutations

You are clumsy. (Dex -2)
You are weak. (Str -2)


Message History

The bush is heavily damaged.
The hound bites you but does no damage. x2
The hound bites you but does no damage.
Your plate armour prevents you from hitting the hound.
The hound is lightly wounded.
You hit the bush but do no damage.
The bush is heavily damaged.
The hound bites you but does no damage. The hound bites you.
* * * LOW HITPOINT WARNING * * *
The hound bites you but does no damage.
The gnoll hits you from afar with a halberd.
* * * LOW HITPOINT WARNING * * *
The hound bites you but does no damage. The hound bites you.
* * * LOW HITPOINT WARNING * * *
You hit the hound.
The hound is moderately wounded.
You closely miss the hound. The hound bites you but does no damage.
The hound barely misses you. The gnoll hits you but does no damage.
The hound bites you.
You die...

######## ##......##
#........# ####
#####..hg....# ###..##
##..##[@hP.P..#
#......
########......###'####
#......
##..........##.# +...
###..##
#..######...##.# #...#
##..## #.# #....#.#
+...# #..## ##.#
#....#.####### ##..#
...#### #......##.#
##..## ....##.
#.†).#..#.# #...#
.....#.###..)......#
##...#


You could see 2 hounds and a gnoll.

Vanquished Creatures
  An adder (D:1)
  3 gnolls (D:2)
  An ooze (D:2)
  A worm (D:2)
  2 ball pythons
  4 bats
  2 giant cockroaches
  6 goblins (D:1)
  7 hobgoblins
  4 jackals (D:2)
  2 giant geckos (D:2)
  A giant newt (D:2)
  5 kobolds (D:1)
  A quokka (D:2)
  4 rats
44 creatures vanquished.

Notes
Turn   | Place    | Note
--------------------------------------------------------------
     0 | D:1      | Gobser the Human Wanderer began the quest for the Orb.
     0 | D:1      | Gobser set off with: 3 curare-tipped needles, a +2 blowgun, a +0 mace, a +0 spear, a +0 robe, a bread ration
     0 | D:1      | Reached XP level 1. HP: 19/19 MP: 1/1
   167 | D:1      | Reached XP level 2. HP: 15/25 MP: 2/2
   274 | D:1      | Reached XP level 3. HP: 19/30 MP: 3/3
  1113 | D:2      | Reached skill level 1 in Dodging
  1417 | D:2      | Reached XP level 4. HP: 36/38 MP: 4/4
  1519 | D:2      | Gained mutation: You are clumsy. (Dex -2) [potion of mutation]
  1519 | D:2      | Gained mutation: You are weak. (Str -2) [potion of mutation]
  1677 | D:2      | HP: 1/38 [hound (3)]
  1678 | D:2      | Slain by a hound

Vault maps used:
D:1:      evilmike_arrival_crescent
D:2:      nicolae_qazlal_general_emergency, cheibrodos_gnoll_hut, uniq_jessica

Action                   |  1- 3 |  4- 6 || total
-------------------------+-------+-------++-------
Melee: Spear             |    79 |       ||    79
       Dagger            |    17 |       ||    17
       War axe           |     5 |    37 ||    42
 Fire: Blowgun           |    21 |       ||    21
  Use: Scroll            |     2 |     2 ||     4
       Potion            |     2 |     2 ||     4
 Stab: Sleeping          |     1 |       ||     1
  Eat: Fruit             |       |     1 ||     1
       Beef jerky        |       |     1 ||     1
